 Dungeon Crawl Stone Soup version 0.19-a0-1912-g48530cd (webtiles) character file.

1673 HyperCube the Carver (level 8, -7/56 HPs)
             Began as a High Elf Fighter on Dec 21, 2016.
             Was a Follower of Nemelex Xobeh.
             Killed from afar by an orc sorcerer (37 damage)
             ... with a bolt of negative energy
             ... on level 5 of the Dungeon.
             The game lasted 00:12:13 (7288 turns).

HyperCube the Carver (High Elf Fighter)             Turns: 7288, Time: 00:12:14

Health: -7/56      AC: 10    Str: 16    XL:     8   Next: 70%
Magic:  10/10      EV:  6    Int: 12    God:    Nemelex Xobeh [*.....]
Gold:   214        SH: 10    Dex: 16    Spells: 7/7 levels left

rFire  . . .     SeeInvis .     a - +0 long sword
rCold  . . .     Faith    .     h - +0 chain mail {MR+}
rNeg   . . .     Spirit   .     c - +0 shield
rPois  +         Reflect  .     i - +0 helmet
rElec  .                        H - +0 cloak
rCorr  .                        (no gloves)
MR     +....                    (no boots)
Stlth  ..........               (no amulet)
                                (no ring)
                                g - ring of poison resistance

@: heavily drained
A: no striking features
a: Renounce Religion


You were on level 5 of the Dungeon.
You worshipped Nemelex Xobeh.
Nemelex Xobeh was aware of your devotion.
You were not hungry.

You visited 1 branch of the dungeon, and saw 5 of its levels.
You also visited: Sewer.

You collected 214 gold pieces.

Inventory:

Hand Weapons
 a - a +0 long sword (weapon)
Armour
 c - a +0 shield (worn)
 h - a +0 chain mail of magic resistance (worn)
 i - a +0 helmet (worn)
 H - a +0 cloak (worn)
Jewellery
 g - a ring of poison resistance (left hand)
Wands
 j - a wand of teleportation (8/9)
Scrolls
 e - a scroll of blinking
 k - a scroll of immolation
 n - a scroll of recharging {unknown}
 o - a scroll of remove curse {unknown}
 q - 3 scrolls of enchant armour {unknown}
 r - 2 scrolls of enchant weapon {unknown}
 x - 4 scrolls of fog {unknown}
 y - 4 scrolls of teleportation
 z - a scroll of fear {unknown}
 B - 2 scrolls of identify {unknown}
 C - a scroll of amnesia {unknown}
 E - a scroll of magic mapping
 I - a scroll of random uselessness {unknown}
Potions
 b - 3 potions of mutation {unknown}
 d - 6 potions of might
 l - 2 potions of agility {unknown}
 p - 2 potions of curing {unknown}
 s - a potion of resistance {unknown}
 t - a potion of haste {unknown}
 u - 2 potions of heal wounds {unknown}
 w - 2 potions of brilliance {unknown}
 A - a potion of magic {unknown}
 D - a potion of flight {unknown}
 F - 2 potions of cancellation {unknown}
Books
 v - a book of Unlife

   Spells                             Type                      Level
   a - Recall                         Summoning/Translocation      3
   b - Animate Dead                   Necromancy                   4
   c - Control Undead                 Necromancy                   4
   d - Cigotuvi's Embrace             Necromancy                   5
   e - Death Channel                  Necromancy                   6
   f - Simulacrum                     Ice/Necromancy               6
Miscellaneous
 f - a plain deck of escape {drawn: 2}
 m - a plain deck of summoning {drawn: 3}
 G - a plain deck of destruction {drawn: 3}


   Skills:
 + Level 5.5(4.2) Fighting
 * Level 8.1(6.7) Long Blades
 - Level 2.6(1.4) Armour
 - Level 4.0(2.8) Dodging
 * Level 6.2(4.9) Shields
 + Level 2.0(0.8) Invocations


You had 7 spell levels left.
You didn't know any spells.

Dungeon Overview and Level Annotations

Branches:
Dungeon (5/15)
 Temple: D:3-6         Lair: D:-1         Crypt: Vaults:-1     Tomb: Vaults:-1

Altars:
Fedhas
Nemelex Xobeh


Message History

The orc sorcerer convulses!
Evoke which item? (* to show all) (? for menu, Esc to quit)
You draw a card...
It is Pain.
You have drawn Pain.
Press: ? - help, Shift-Dir - straight line, f/p - orc sorcerer
Aim: an orc sorcerer, wielding a dagger and wearing a runed robe (heavily wounded)
The orc sorcerer convulses!
The orc sorcerer points at you and mumbles some strange words.
The bolt of negative energy hits you!
You feel drained.
Evoke which item? (* to show all) (? for menu, Esc to quit)
You draw a card...
It is Vitriol.
You have drawn Vitriol.
Press: ? - help, Shift-Dir - straight line, f/p - orc sorcerer
Aim: an orc sorcerer, wielding a dagger and wearing a runed robe (severely wounded)
The glob of acid misses the orc sorcerer.
The orc sorcerer gestures at you while chanting.
The bolt of negative energy hits you!
You feel drained.
Ouch! That really hurt!
You die...
Your body disappears without a glow.

#.#..#...#
#..##.............#
#....#####
#..##.######.####.#
####.# #..##(# #.# #
#># #..##.######.#
#.########..##o.....#.#
#.#.........##..###.#.#
#.#.#######.##....#.#.#
#.#.####....##......#..
#.#..........@...(..###
#.######.####..._..##
#........# #......#
########## #......#
#....### ######


You could see an orc sorcerer.

Vanquished Creatures
  A centaur (D:4)
  A phantom (D:4)
  2 bullfrogs (Sewer)
  7 scorpions (D:5)
  A water moccasin skeleton (D:5)
  A howler monkey (D:4)
  A crimson imp (D:5)
  2 centaur zombies (D:5)
  A quasit (D:5)
  An orc priest (D:4)
  4 hounds
  3 orc wizards
  A bullfrog skeleton (D:5)
  2 iguanas
  A worker ant (D:4)
  A killer bee zombie (D:5)
  A hound skeleton (D:5)
  4 gnolls (D:5)
  16 adders
  7 river rats
  An ooze (D:5)
  3 dart slugs
  6 leopard geckos
  13 orcs
  16 ball pythons
  3 giant cockroaches
  12 goblins
  10 hobgoblins
  3 jackals (D:1)
  2 quokkas
  17 bats
  9 frilled lizards
  A jackal skeleton (D:5)
  12 kobolds
  33 rats
199 creatures vanquished.

Vanquished Creatures (collateral kills)
  An orc wizard (D:4)
  An iguana (D:4)
2 creatures vanquished.

Grand Total: 201 creatures vanquished

Notes
Turn   | Place    | Note
-------+----------+-------------------------------------------
     0 | D:1      | HyperCube the High Elf Fighter began the quest for the Orb.
     0 | D:1      | Reached XP level 1. HP: 16/16 MP: 2/2
   363 | D:1      | Reached XP level 2. HP: 14/21 MP: 3/3
   711 | D:1      | Reached skill level 1 in Dodging
   817 | D:1      | Reached skill level 3 in Long Blades
  1002 | D:1      | Reached XP level 3. HP: 26/26 MP: 4/4
  1264 | D:2      | Found a sparkling altar of Nemelex Xobeh.
  1443 | D:2      | Became a worshipper of Nemelex Xobeh the Trickster
  1470 | D:2      | Reached XP level 4. HP: 30/31 MP: 5/5
  1472 | D:2      | Received a gift from Nemelex Xobeh
  2048 | D:3      | Reached skill level 4 in Long Blades
  2299 | D:3      | Reached XP level 5. HP: 31/36 MP: 6/6
  2651 | D:4      | Noticed a phantom
  2653 | D:4      | Received a gift from Nemelex Xobeh
  2690 | D:4      | Noticed an orange demon
  2764 | D:4      | Reached * piety under Nemelex Xobeh
  2800 | D:4      | Reached XP level 6. HP: 11/43 MP: 7/7
  2807 | D:4      | Found a glowing drain.
  2824 | D:4      | Reached skill level 5 in Long Blades
  2993 | Sewer    | Entered a sewer
  3875 | Sewer    | Reached XP level 7. HP: 12/48 MP: 8/8
  4314 | D:4      | Reached skill level 6 in Long Blades
  4366 | D:4      | Reached skill level 5 in Shields
  5489 | D:5      | Entered Level 5 of the Dungeon
  5566 | D:5      | Reached skill level 5 in Fighting
  5575 | D:5      | Reached XP level 8. HP: 46/55 MP: 9/9
  5696 | D:5      | Reached skill level 7 in Long Blades
  6291 | D:5      | Received a gift from Nemelex Xobeh
  6679 | D:5      | Reached skill level 1 in Invocations
  6762 | D:5      | Found a blossoming altar of Fedhas.
  6795 | D:5      | Noticed a blink frog
  6797 | D:5      | Noticed an orc sorcerer
  6802 | D:5      | Noticed a smoke demon
  7197 | D:5      | Reached skill level 8 in Long Blades
  7288 | D:5      | Killed from afar by an orc sorcerer

Vault maps used:
D:1:      lightli_arrival_flooded_house, hangedman_decor_points,
          minmay_misc_feat_room, minmay_pentomino_r4
D:2:      nemelex_xobeh_ov_fountains_minmay, first_bread
D:3:      corexii_shack, minmay_misc_feat_ornament
D:4:      portal_sewer_entry_b
D:5:      old_forge, basic_altar, kennysheep_nub, minmay_small_thing
Sewer:    sewer_minmay_w

Skill      XL: |  1  2  3  4  5  6  7  8 |
---------------+-------------------------+-----
Shields        | 3 4 5 6 |  6.2
Dodging        | 1 2 3 4 |  4.0
Long Blades    | 3 4 5 6 8 |  8.1
Fighting       | 4 5 |  5.5
Invocations    | 2 |  2.0
Armour         | |  2.6

Action                   |  1- 3 |  4- 6 |  7- 9 || total
-------------------------+-------+-------+-------++-------
Melee: Long sword        |   182 |   360 |   323 ||   865
Evoke: Deck              |       |     4 |     4 ||     8
  Use: Scroll            |       |     5 |     1 ||     6
       Potion            |       |     1 |       ||     1
 Stab: Held in net/web   |       |       |     1 ||     1
Armor: Scale mail        |    15 |       |       ||    15
       Chain mail        |   105 |   242 |   157 ||   504
Dodge: Dodged            |    33 |    71 |    62 ||   166
Block: Shield            |   108 |   222 |   153 ||   483
